 Dungeon Crawl Stone Soup version 0.23.2-1-ga50397a (webtiles) character file.

Game seed: 10673786134595453349

150 diana the Skirmisher (level 5, 0/47 HPs)
             Began as a Hill Orc Fighter on May 25, 2019.
             Slain by an orc
             ... wielding a +0 whip
              (2 damage)
             ... on level 3 of the Dungeon.
             The game lasted 00:02:01 (1872 turns).

diana the Skirmisher (Hill Orc Fighter)             Turns: 1872, Time: 00:02:01

Health: 0/47       AC:  8    Str: 20    XL:     5   Next: 32%
Magic:  5/5        EV:  8    Int:  8    God:
Gold:   155        SH:  9    Dex: 10    Spells: 4/4 levels left

rFire    . . .     SeeInvis .   a - +0 war axe
rCold    . . .     Gourm    .   c - +0 shield
rNeg     . . .     Faith    .   b - +0 scale mail
rPois    .         Spirit   .   n - +0 helmet
rElec    .         Reflect  .   (no cloak)
rCorr    .         Harm     .   (no gloves)
MR       .....                  (no boots)
Stlth    ..........             (no amulet)
HPRegen  0.15/turn              (no ring)
MPRegen  0.09/turn              (no ring)

@: flying
A: no striking features
a: Convert to Beogh


You were on level 3 of the Dungeon.
You were very hungry.

You visited 1 branch of the dungeon, and saw 3 of its levels.

You collected 155 gold pieces.

Inventory:

Hand Weapons
 a - a +0 war axe (weapon)
Armour
 b - a +0 scale mail (worn)
 c - a +0 shield (worn)
 n - a +0 helmet (worn)
Jewellery
 j - a +1 ring of slaying {unknown}
Scrolls
 g - 5 scrolls of identify {unknown}
 h - a scroll of immolation {unknown}
 i - a scroll of amnesia {unknown}
 k - 3 scrolls of teleportation {unknown}
 m - 2 scrolls of magic mapping {unknown}
 o - 2 scrolls of remove curse {unknown}
 r - a scroll of enchant weapon {unknown}
 s - a scroll of blinking {unknown}
Potions
 d - 2 potions of might
 e - a potion of agility {unknown}
 l - a potion of haste {unknown}
 p - a potion of flight
 q - a potion of curing {unknown}
Comestibles
 f - 3 rations


   Skills:
 + Level 4.5 Fighting
 + Level 4.0 Axes
 + Level 4.0 Armour
 + Level 1.4 Dodging
 + Level 4.1 Shields


You had 4 spell levels left.
You didn't know any spells.
Your spell library was empty.

Dungeon Overview and Level Annotations

Branches:
Dungeon (3/15)

Altars:

Annotations:
D:3 3 runed translucent doors, bmj180's ghost, novice HOAK


Message History

You hit the orc.
The orc is almost dead.
You miss the frilled lizard.
The orc priest shouts, "Join the one true god or die!"
The frilled lizard bites you but does no damage.
You block the orc's attack.
Unknown command.
You hit the orc but do no damage.
The orc is almost dead.
Your shield and scale mail prevent you from hitting the frilled lizard.
The frilled lizard closely misses you. The orc barely misses you.
You block the frilled lizard's attack.
You completely miss the orc.
The orc is almost dead.
You hit the frilled lizard.
You kill the frilled lizard!
The orc hits you with a +0 whip.
* * * LOW HITPOINT WARNING * * *
The orc hits you with a +0 whip.
You die...

#.###.#...#
#.........####
###.....<.>....#
#..............#
#....#########.#
###..#.......#.#
#..#Zl..$O.#.#
########..#g##.##.#.#
#...o@....#O##.##.#.#
......o##...#.##.##.#.#
#.#.### #...#.....Og#.#
# #...#..s....#.#
....###+++###.#
##............##
#..............
..%.######.###
....##.###


You could see an ogre, an orc priest, an orc, a worker ant zombie, a hobgoblin
and a frilled lizard.

Vanquished Creatures
  An orc priest (D:3)
  Terence (D:2)
  An adder (D:2)
  2 dart slugs (D:2)
  3 leopard geckos
  6 orcs (D:3)
  A ball python (D:1)
  8 bats
  2 giant cockroaches
  3 goblins
  2 hobgoblins (D:1)
  2 jackals (D:2)
  3 frilled lizards
  9 kobolds
  4 rats
48 creatures vanquished.

Vanquished Creatures (others)
  An orc wizard (D:3)
  A bat (D:3)
2 creatures vanquished.

Grand Total: 50 creatures vanquished

Notes
Turn   | Place    | Note
-------+----------+-------------------------------------------
     0 | D:1      | diana the Hill Orc Fighter began the quest for the Orb.
     0 | D:1      | Reached XP level 1. HP: 19/19 MP: 1/1
    66 | D:1      | Reached XP level 2. HP: 24/27 MP: 2/2
   968 | D:1      | Reached XP level 3. HP: 33/33 MP: 3/3
  1403 | D:2      | Noticed Terence
  1420 | D:2      | Killed Terence
  1420 | D:2      | Reached skill level 1 in Dodging
  1420 | D:2      | Reached XP level 4. HP: 15/40 MP: 4/4
  1800 | D:3      | Found a runed translucent gate.
  1802 | D:3      | Found a runed translucent gate.
  1802 | D:3      | Found a runed translucent gate.
  1802 | D:3      | Noticed bmj180's ghost (novice HOAK)
  1809 | D:3      | Noticed an ogre
  1855 | D:3      | Reached XP level 5. HP: 12/47 MP: 5/5
  1869 | D:3      | HP: 2/47 [orc/+0 whip (1)]
  1872 | D:3      | Slain by an orc

Skill      XL: |  1  2  3  4  5 |
---------------+----------------+-----
Axes           | 3 4 |  4.0
Fighting       | 4 |  4.5
Dodging        | 1 |  1.4
Shields        | 4 |  4.1
Armour         | 4 |  4.0

Action                   |  1- 3 |  4- 6 || total
-------------------------+-------+-------++-------
Melee: War axe           |   111 |    51 ||   162
  Use: Potion            |       |     1 ||     1
  Eat: Chunk             |     1 |     1 ||     2
Armor: Scale mail        |    56 |    32 ||    88
Dodge: Dodged            |    38 |    16 ||    54
Block: Shield            |    78 |    31 ||   109
